 Dungeon Sprint DCSS version 0.24-a0-416-g56ce517 (webtiles) character file.

Game seed: 4236689485866738982

331628 schets the Conqueror (level 18, 0/197 HPs)
             Began as a Demonspawn Fighter on June 9, 2019.
             Was an Elder of Qazlal.
             Slain by an Executioner (6 damage)
             ... summoned by Dispater
             ... in the Dungeon (Sprint III: "The Ten Rune Challenge").
             The game lasted 00:47:13 (12461 turns).

schets the Conqueror (Demonspawn Fighter)          Turns: 12461, Time: 00:47:13

Health: 0/197      AC: 30    Str: 27    XL:     18   Next: 22%
Magic:  11/35      EV: 25    Int: 15    God:    Qazlal [****..]
Gold:   674        SH: 23    Dex: 13    Spells: 17/17 levels left

rFire    + + +     SeeInvis +   I - +9 broad axe (freeze)
rCold    + + .     Gourm    .   X - +2 shield of Resistance {rF+ rC+ MR+}
rNeg     . . .     Faith    .   J - +2 chain mail {rC+}
rPois    +         Spirit   .   a - +2 hat
rElec    +         Reflect  .   o - +2 cloak of the Thief {+Fog Slay-2 SInv Stlth+}
rCorr    .         Harm     .   P - +0 pair of gloves
MR       +++..     Clarity  +   z - +0 pair of boots {run} Stlth ++........NoTele +
                                E - amulet of Vitality {Regen+ HP+15}
HPRegen  0.42/turn              S - ring "Innul" {+Fly rPois MR+ Int+4 Dex-2}
MPRegen  0.24/turn              C - ring of Bic Laeku {rElec rF+ EV+5 Str+3 Dex+3}

@: flying, hasted, repel missiles, very quick
A: horns 1, talons 2, thin metallic scales 2, clarity, demonic guardian 2, fire
resistance 1, foul stench 1, screaming 1, wild magic 1, rot immunity
}: 7/10 runes: decaying, serpentine, slimy, silver, golden, obsidian, demonic
a: Upheaval, Elemental Force, Renounce Religion, Evoke Fog, Stop Flying


You were in the Dungeon.
You worshipped Qazlal.
Qazlal was greatly pleased with you.
You were not hungry.

You visited 1 branch You collected 4774 gold pieces.
You spent 4100 gold pieces at shops.

Inventory:

Hand Weapons
 u - a +2 scimitar of flaming
 I - a +9 broad axe of freezing (weapon)
Missiles
 c - 5 datura-tipped darts
 m - 8 throwing nets
 y - 6 curare-tipped darts
 N - 11 poisoned darts (quivered)
 O - 6 silver javelins
 R - 5 atropa-tipped darts
Armour
 a - a +2 hat (worn)
 o - the +2 cloak of the Thief (worn) {+Fog Slay-2 SInv Stlth+}
   (You bought it in a shop in the Dungeon)

   It affects your accuracy and damage with ranged weapons and melee attacks
   (-2).
   It lets you see invisible.
   It makes you more stealthy.
 z - a +0 pair of boots of running (worn)
 J - a +2 chain mail of cold resistance (worn)
 K - a +1 large shield of reflection
 P - a +0 pair of gloves (worn)
 X - the +2 shield of Resistance (worn) {rF+ rC+ MR+}
   (You bought it in a shop in the Dungeon)

   It protects you from fire.
   It protects you from cold.
   It affects your resistance to hostile enchantments.
Jewellery
 C - the ring of Bic Laeku (right hand) {rElec rF+ EV+5 Str+3 Dex+3}
   (You found it in the Dungeon)

   [ring of evasion]

   It affects your evasion (+5).
   It affects your strength (+3).
   It affects your dexterity (+3).
   It protects you from fire.
   It insulates you from electricity.
 E - the amulet of Vitality (around neck) {Regen+ HP+15}
   (You found it in the Dungeon)

   [amulet of regeneration]

   It affects your health (+15).
   It increases your rate of regeneration.
 F - the ring of Shadows {Umbra +Inv Stlth+}
   (You found it in the Dungeon)

   [ring of stealth]

   It lets you turn invisible.
   It makes you more stealthy.
 S - the ring "Innul" (left hand) {+Fly rPois MR+ Int+4 Dex-2}
   (You found it in the Dungeon)

   [ring of dexterity]

   It affects your intelligence (+4).
   It affects your dexterity (-2).
   It protects you from poison.
   It affects your resistance to hostile enchantments.
   It lets you fly.
 U - the ring "Civvyc" {+Fly rF+++ rC++ MR- MP-9}
   (You found it in the Dungeon)

   [ring of flight]

   It renders you almost immune to fire.
   It greatly protects you from cold.
   It affects your resistance to hostile enchantments.
   It affects your magic capacity (-9).
   It lets you fly.
Wands
 b - a wand of paralysis (26)
 l - a wand of clouds (3)
 D - a wand of scattershot (4)
 M - a wand of iceblast (17)
 Q - a wand of disintegration (27)
 W - a wand of digging (3)
 Z - a wand of acid (1)
Scrolls
 k - a scroll of blinking
 q - 2 scrolls of fog
 t - 3 scrolls of remove curse
 v - 2 scrolls of immolation
 A - a scroll of silence
 H - 5 scrolls of enchant armour
Potions
 d - 3 potions of might
 e - 8 potions of curing
 h - 2 potions of haste
 i - 3 potions of magic
 n - 3 potions of mutation
 p - a potion of brilliance
 r - a potion of cancellation
 s - 4 potions of flight
 w - 4 potions of agility
 x - a potion of resistance
 G - a potion of ambrosia {unknown}
Miscellaneous
 j - a fan of gales
 B - a lightning rod (4/4)
 L - 2 sacks of spiders
 V - a lamp of fire
 Y - a crystal ball of energy
Comestibles
 f - 19 rations


   Skills:
 O Level 27 Fighting
 - Level 17.1(18.3) Axes
   Level 11.9(15.8) Maces & Flails
 + Level 16.0 Throwing
 + Level 21.5 Armour
 + Level 20.2 Dodging
 + Level 11.6 Stealth
 + Level 20.3 Shields
 O Level 27 Invocations
 + Level 12.9 Evocations


You had 17 spell levels left.
You didn't know any spells.
Your spell library contained the following spells:

 Spells                   Type           Power        Failure   Level  Hunger
 Flame Tongue             Conj/Fire      #....        67%         1    ##.....
 Infusion                 Chrm           #...         67%         1    ##.....
 Magic Dart               Conj           #...         67%         1    ##.....
 Sting                    Conj/Pois      #...         67%         1    ##.....
 Blink                    Tloc           N/A          80%         2    ###....
 Call Imp                 Summ           #.......     80%         2    ###....
 Poisonous Vapours        Pois/Air       #.....       80%         2    ###....
 Shroud of Golubria       Chrm/Tloc      #.....       80%         2    ###....
 Slow                     Hex            #.......     80%         2    ###....
 Song of Slaying          Chrm           #.......     80%         2    ###....
 Throw Flame              Conj/Fire      #.....       80%         2    ###....
 Conjure Flame            Conj/Fire      #.......     95%         3    ####...
 Ignite Poison            Fire/Tmut/Pois #.......     95%         3    ####...
 Inner Flame              Hex/Fire       #.......     95%         3    ####...
 Mephitic Cloud           Conj/Pois/Air  #.......     95%         3    ####...
 Regeneration             Chrm/Necr      #.........   95%         3    ####...
 Spectral Weapon          Hex/Chrm       #.......     95%         3    ####...
 Summon Guardian Golem    Hex/Summ       #.......     95%         3    ####...
 Sticky Flame             Conj/Fire      #.......     100%        4    #####..
 Summon Ice Beast         Ice/Summ       #.......     100%        4    #####..
 Summon Lightning Spire   Summ/Air       #.......     100%        4    #####..
 Fireball                 Conj/Fire      #.........   100%        5    ######.
 Silence                  Hex/Air        #.........   100%        5    ######.
 Conjure Ball Lightning   Conj/Air       #.........   100%        6    #######
 Deflect Missiles         Chrm/Air       #.........   100%        6    #######
 Summon Hydra             Summ           #.........   100%        7    #######
 Tornado                  Air            #.........   100%        9    #######


Dungeon Overview and Level Annotations

Branches:
Dungeon (1/1)

Altars:
Cheibriados
Dithmenos
Elyvilon
Fedhas
Gozag
Hepliaklqana
Kikubaaqudgha
Makhleb
Nemelex Xobeh
Okawaru
Qazlal
Ru
Sif Muna
Trog
Uskayaw
Vehumet
Wu Jian
Xom
Yredelemnul
Zin
The Shining One
Beogh
Jiyva
Lugonu

Shops:
D (:!:%[[}[!%!}(%?%:}=[([

Annotations:
D exclusion: door, Dispater


Innate Abilities, Weirdness & Mutations

You have razor-sharp toenails.
You are mostly covered in thin metallic scales. (AC +3)
A demonic guardian rushes to your aid.
Your flesh is heat resistant. (rF+)
You may emit foul miasma when damaged in melee.
You are immune to rotting.
You have a pair of small horns on your head.
You possess an exceptional clarity of mind.
You occasionally shout uncontrollably at your foes.
Your spells are a little harder to cast, but a little more powerful.


Message History

The Executioner hits you but does no damage.
Dispater barely misses you. The Executioner completely misses you.
The Executioner misses you.
The Executioner hits you but does no damage.
The hell beast bites you!
* * * LOW HITPOINT WARNING * * *
You block the hell beast's attack.
Unknown command.
Okay, then.
Okay, then.
Evoke which item? (* to show all) (? for menu, Esc to quit)
Okay, then.
Unknown command.
Unknown command.
You hit Dispater but do no damage.
You headbutt Dispater, but do no damage.
Dispater is almost dead.
You slice the hell beast!! You freeze the hell beast!
You closely miss the Executioner. The Executioner hits you.
You die...

≈○≈##.####..#,,,,*#........#.###.
§≈.##1#.3##)#,,,,*#............'.
○☼☼##&#=.#..#,,,,*#........#.###.
○°.##.'..#.≈#,,,,*#≈(.....≈#≈≈≈##
°§.#######≈≈#####*#)≈.(..≈)#'#'##
°.○###.#≈#≈≈#.#.######''####.#.#
.§8##...)≈).^....##..'..(.(#.####
##########.###############.#...∩∩
...≈)≈.≈.).≈....@.#...# ##§####∩∩
...≈≈≈≈≈≈.....≈1&2#...###§§§###..
.≈)≈≈≈≈≈))(.(.§≈§.≈....3§§§§§§[..
...≈.≈≈≈..(.......#...###§§§###3.
..≈≈≈≈≈.≈........≈#...# ##§##∩#..
###########+##############.#..#..
,,,* ***≈≈≈≈≈≈≈≈≈*#......#'#'##..
,,,* *,*≈*+*≈≈****#......#(3&.&..
,,,***+*≈*,*≈≈+,* #......#.####..


You could see Dispater, a hell beast and an Executioner.

Vanquished Creatures
  the Royal Jelly (D)
  the Serpent of Hell (D)
  Mara (D)
  Mennas (D)
  Boris (D)
  2 greater mummies (D)
  Sojobo (D)
  the Lernaean hydra (D)
  Geryon (D)
  Nikola (D)
  2 golden dragons (D)
  A Brimstone Fiend (D)
  Nellie (D)
  An iron giant (D)
  A Hell Sentinel (D)
  2 liches (D)
  Rupert (D)
  2 deep elf blademasters (D)
  2 titans (D)
  6 acid blobs (D)
  Gastronok (D)
  An ancient champion (D)
  2 sphinxes (D)
  An Executioner (D)
  A storm dragon (D)
  Chuck (D)
  A nagaraja (D)
  3 shadow dragons (D)
  Dowan (D)
  Roxanne (D)
  An iron dragon (D)
  10 azure jellies (D)
  A draconian knight (D)
  4 war gargoyles (D)
  2 stone giants (D)
  2 vampire knights (D)
  2 deep elf demonologists (D)
  Azrael (D)
  2 dire elephants (D)
  A deep elf annihilator (D)
  9 mummy priests (D)
  5 death oozes (D)
  A fire dragon (D)
  A deep elf death mage (D)
  A deep elf high priest (D)
  5 yaktaur captains (D)
  A hydra (D)
  16 vault guards (D)
  A naga warrior (D)
  3 anacondas (D)
  Erica (D)
  2 hell beasts (D)
  3 centaur warriors (D)
  4 dancing weapons (D)
  An ogre mage (D)
  2 iron elementals (D)
  4 death yaks (D)
  2 sun demons (D)
  2 iron golems (D)
  5 deep elf knights (D)
  2 soul eaters (D)
  Urug (D)
  5 skeletal warriors (D)
  4 hell knights (D)
  An unseen horror (D)
  A death drake (D)
  A spriggan druid (D)
  A glowing orange brain (D)
  A swamp dragon (shapeshifter) (D)
  An obsidian statue (D)
  A lindwurm (D)
  An orc knight (D)
  2 spectral iron dragons (D)
  An orange crystal statue (D)
  A mana viper (shapeshifter) (D)
  A shining eye (shapeshifter) (D)
  3 deep elf magi (D)
  3 crystal guardians (D)
  2 oklob plants (D)
  4 ugly things (D)
  A stone giant skeleton (D)
  4 shining eyes (D)
  2 elephants (D)
  A water nymph (shapeshifter) (D)
  2 spiny frogs (D)
  An iron troll simulacrum (D)
  A guardian serpent (D)
  10 black mambas (D)
  8 statues (D)
  Duvessa (D)
  2 rust devils (D)
  A molten gargoyle (D)
  A rime drake (D)
  9 yaktaurs (D)
  A komodo dragon (shapeshifter) (D)
  2 ice devils (D)
  A komodo dragon (D)
  12 guardian mummies (D)
  An anaconda simulacrum (D)
  3 wandering mushrooms (D)
  2 tyrant leeches (D)
  A queen bee (D)
  8 slime creatures (D)
  8 blink frogs (D)
  An orc high priest (D)
  3 redbacks (D)
  2 spriggans (D)
  A golden eye (shapeshifter) (D)
  2 nagas (D)
  A spatial vortex (D)
  A hydra simulacrum (D)
  An acid dragon (shapeshifter) (D)
  2 floating eyes (D)
  3 water moccasins (D)
  3 swamp drakes (D)
  A fire dragon simulacrum (D)
  A necrophage (D)
  2 centaurs (D)
  An earth elemental (D)
  A water elemental (D)
  32 killer bees (D)
  4 electric eels (D)
  A jelly (D)
  2 orc wizards (D)
  3 orc priests (D)
  A wizard (D)
  Jessica (D)
  2 necromancers (D)
  A polar bear simulacrum (D)
  A wolf simulacrum (D)
  3 humans (D)
  A kobold demonologist (D)
  A wolf (D)
  4 adders (D)
  11 orcs (D)
  3 rats (D)
  5 bushes (D)
  6 butterflies (D)
  3 plants (D)
369 creatures vanquished.

Vanquished Creatures (collateral kills)
  An acid blob (D)
  A titan (D)
  A quicksilver dragon (D)
  2 azure jellies (D)
  A stone giant (D)
  A vault guard (D)
  A skeletal warrior (D)
  A deep elf mage (D)
  A crystal guardian (D)
  A shining eye (D)
  A rust devil (D)
  3 guardian mummies (D)
  A slime creature (D)
  A hornet (D)
  A shadow (D)
  A floating eye (D)
  An orc warrior (D)
  An orc priest (D)
21 creatures vanquished.

Vanquished Creatures (others)
  2 deep elf blademasters (D)
  2 draconian scorchers (D)
  Nessos (D)
  2 hydras (D)
  A shadow wraith (D)
  A golden dragon zombie (D)
  An anaconda zombie (D)
  A stone giant skeleton (D)
  6 hellions (D)
  3 yaktaurs (D)
  4 spriggan defenders (D)
  2 hornets (D)
  An orc high priest (D)
  A golden eye (D)
  A floating eye (D)
  An electric eel (D)
  2 orc priests (D)
  4 ball lightnings (D)
  15 ballistomycetes (D)
  5 ballistomycete spores (D)
  2 bushes (D)
  50 plants (D)
108 creatures vanquished.

Grand Total: 498 creatures vanquished

Notes
Turn   | Place    | Note
-------+----------+-------------------------------------------
     0 | D        | schets the Demonspawn Fighter began the quest for the Orb.
     0 | D        | Reached XP level 1. HP: 18/18 MP: 1/1
    25 | D        | Noticed Jessica
    34 | D        | Killed Jessica
    34 | D        | Reached skill level 1 in Dodging
    34 | D        | Gained mutation: A weak demonic guardian rushes to your
                  | aid. [demonic ancestry]
    34 | D        | Reached XP level 2. HP: 25/25 MP: 2/2
    64 | D        | Gained mutation: You have sharp toenails. [demonic
                  | ancestry]
    64 | D        | Reached XP level 3. HP: 26/31 MP: 3/3
    85 | D        | Killed a yaktaur
    95 | D        | Killed a hellion
   108 | D        | Killed a hellion
   160 | D        | Killed a white draconian scorcher
   163 | D        | Killed a hellion
   165 | D        | Killed a hellion
   215 | D        | Killed a hellion
   241 | D        | Killed a hellion
   243 | D        | Killed a white draconian scorcher
   261 | D        | Gained mutation: You occasionally shout uncontrollably at
                  | your foes. [potion of mutation]
   261 | D        | Gained mutation: Your spells are a little harder to cast,
                  | but a little more powerful. [potion of mutation]
   261 | D        | Gained mutation: You possess an exceptional clarity of
                  | mind. [potion of mutation]
   261 | D        | Gained mutation: You have a pair of small horns on your
                  | head. [potion of mutation]
   263 | D        | Noticed a water elemental
   267 | D        | Killed a water elemental
   267 | D        | Reached skill level 5 in Fighting
   267 | D        | Gained mutation: You are immune to rotting. [demonic
                  | ancestry]
   267 | D        | Reached XP level 4. HP: 40/40 MP: 4/4
   366 | D        | Reached skill level 5 in Axes
   366 | D        | Gained mutation: You are partially covered in thin metallic
                  | scales. (AC +2) [demonic ancestry]
   366 | D        | Reached XP level 5. HP: 30/46 MP: 5/5
   368 | D        | Noticed a shadow
   394 | D        | Killed a shadow
   669 | D        | Found a blossoming altar of Fedhas.
   669 | D        | Found a stormy altar of Qazlal.
   669 | D        | Found a snail-covered altar of Cheibriados.
   669 | D        | Found a burning altar of Makhleb.
   669 | D        | Found a shimmering altar of Xom.
   670 | D        | Found a hazy altar of Hepliaklqana.
   670 | D        | Found an opulent altar of Gozag.
   670 | D        | Found a sparkling altar of Nemelex Xobeh.
   670 | D        | Found a corrupted altar of Lugonu.
   670 | D        | Found a viscous altar of Jiyva.
   670 | D        | Noticed a spatial vortex
   673 | D        | Became a worshipper of Qazlal Stormbringer
   679 | D        | Killed a spatial vortex
   679 | D        | Reached skill level 5 in Armour
   679 | D        | Reached skill level 5 in Shields
   679 | D        | Reached XP level 6. HP: 56/56 MP: 6/6
   695 | D        | Found a shadowy altar of Dithmenos.
   702 | D        | Found a basalt altar of Yredelemnul.
   702 | D        | Found a sacrificial altar of Ru.
   704 | D        | Reached * piety under Qazlal
   718 | D        | Found a radiant altar of Vehumet.
   718 | D        | Found a deep blue altar of Sif Muna.
   718 | D        | Found an ancient bone altar of Kikubaaqudgha.
   726 | D        | Reached skill level 5 in Dodging
   739 | D        | Found a hide-covered altar of Uskayaw.
   739 | D        | Found a roughly hewn altar of Beogh.
   739 | D        | Found an iron altar of Okawaru.
   739 | D        | Found a bloodstained altar of Trog.
   739 | D        | Found an ornate altar of the Wu Jian Council.
   739 | D        | Noticed a human
   739 | D        | Noticed a human
   746 | D        | Killed a human
   746 | D        | Reached ** piety under Qazlal
   746 | D        | Reached XP level 7. HP: 55/63 MP: 6/9
   759 | D        | Killed a human
   962 | D        | Found a glowing silver altar of Zin.
   962 | D        | Found a glowing golden altar of the Shining One.
   962 | D        | Found a white marble altar of Elyvilon.
   962 | D        | Noticed a deep elf mage
   983 | D        | Killed a deep elf mage
   983 | D        | Gained mutation: You may emit foul miasma when damaged in
                  | melee. [demonic ancestry]
   983 | D        | Reached XP level 8. HP: 58/72 MP: 2/12
  1070 | D        | Noticed Erica
  1076 | D        | Killed a yaktaur
  1082 | D        | Killed Erica
  1082 | D        | Reached skill level 10 in Fighting
  1195 | D        | Killed a yaktaur
  1353 | D        | Found Wecorrot's Distillery.
  1359 | D        | Reached *** piety under Qazlal
  1361 | D        | Reached **** piety under Qazlal
  1600 | D        | Reached ***** piety under Qazlal
  1606 | D        | Reached XP level 9. HP: 79/79 MP: 8/15
  1648 | D        | Bought a potion of flight for 33 gold pieces
  1648 | D        | Bought a potion of heal wounds for 55 gold pieces
  1648 | D        | Bought a potion of degeneration for 11 gold pieces
  1648 | D        | Bought a potion of curing for 33 gold pieces
  1648 | D        | Bought a potion of curing for 33 gold pieces
  1648 | D        | Bought a potion of brilliance for 44 gold pieces
  1648 | D        | Bought a potion of magic for 88 gold pieces
  1648 | D        | Bought a potion of agility for 44 gold pieces
  1648 | D        | Bought a potion of curing for 33 gold pieces
  1648 | D        | Bought a potion of resistance for 110 gold pieces
  1648 | D        | Bought 2 potions of agility for 88 gold pieces
  1655 | D        | Noticed a deep elf knight
  1655 | D        | Noticed a deep elf mage
  1655 | D        | Noticed a deep elf knight
  1655 | D        | Noticed a deep elf mage
  1655 | D        | Noticed a deep elf knight
  1670 | D        | Killed a deep elf knight
  1670 | D        | Reached skill level 10 in Axes
  1672 | D        | Killed a deep elf knight
  1672 | D        | Reached skill level 10 in Invocations
  1674 | D        | Killed a deep elf mage
  1678 | D        | Killed a deep elf knight
  1678 | D        | Reached XP level 10. HP: 55/89 MP: 3/18
  1684 | D        | Killed a deep elf mage
  2004 | D        | Noticed a deep elf annihilator
  2005 | D        | Noticed a deep elf demonologist
  2006 | D        | Noticed a deep elf death mage
  2008 | D        | Noticed a deep elf blademaster
  2008 | D        | Identified the ring "Amoorow" {Fire rElec rPois Dex+5}
  2008 | D        | Noticed a deep elf high priest
  2009 | D        | Killed a deep elf demonologist
  2009 | D        | Killed a deep elf death mage
  2010 | D        | Killed a deep elf high priest
  2010 | D        | Killed a deep elf annihilator
  2113 | D        | Noticed a centaur warrior
  2122 | D        | Reached XP level 11. HP: 92/98 MP: 17/21
  2129 | D        | Killed a centaur warrior
  2214 | D        | Killed an unseen horror
  2404 | D        | Reached ****** piety under Qazlal
  2518 | D        | Noticed Dowan
  2518 | D        | Noticed Duvessa
  2522 | D        | Killed Dowan
  2522 | D        | Reached skill level 15 in Invocations
  2538 | D        | Killed Duvessa
  2650 | D        | Reached skill level 10 in Armour
  2650 | D        | Reached skill level 10 in Shields
  2668 | D        | Reached skill level 1 in Throwing
  2863 | D        | Killed a five-headed hydra
  2917 | D        | Noticed Rupert
  2923 | D        | Killed Rupert
  2923 | D        | Reached skill level 15 in Fighting
  2923 | D        | Reached skill level 10 in Dodging
  2923 | D        | Gained mutation: You have razor-sharp toenails. [demonic
                  | ancestry]
  2923 | D        | Reached XP level 12. HP: 109/109 MP: 15/24
  2933 | D        | Noticed Gastronok
  2943 | D        | Killed a seven-headed hydra
  2945 | D        | Killed Gastronok
  2947 | D        | Noticed a dire elephant
  2973 | D        | Noticed a dire elephant
  2992 | D        | Killed a dire elephant
  3352 | D        | Killed a dire elephant
  3469 | D        | Noticed an azure jelly
  3470 | D        | Noticed an azure jelly
  3470 | D        | Noticed an azure jelly
  3470 | D        | Noticed an azure jelly
  3660 | D        | Noticed a deep elf demonologist
  3661 | D        | Killed a deep elf demonologist
  3715 | D        | Killed a deep elf blademaster
  3715 | D        | Reached skill level 5 in Throwing
  3806 | D        | Found the amulet of Vitality {Regen+ HP+15}
  3807 | D        | Got a clouded turquoise ring
  3807 | D        | Got a sparkling golden ring
  3813 | D        | Found the ring of Shadows {Umbra +Inv Stlth+}
  3823 | D        | Identified the ring of Eneufu {Fire +Inv Str+2} (You found
                  | it in the Dungeon)
  3825 | D        | Identified the ring of Bic Laeku {rElec rF+ EV+5 Str+3
                  | Dex+3} (You found it in the Dungeon)
  3832 | D        | Killed a deep elf blademaster
  3961 | D        | Noticed a death yak
  3963 | D        | Noticed a death yak
  3963 | D        | Noticed a death yak
  3965 | D        | Noticed a death yak
  3975 | D        | Killed a death yak
  3975 | D        | Reached skill level 1 in Maces & Flails
  3980 | D        | Killed a death yak
  3980 | D        | Reached skill level 1 in Evocations
  3987 | D        | Killed a death yak
  4005 | D        | Killed a death yak
  4014 | D        | Reached XP level 13. HP: 63/118 MP: 24/26
  4038 | D        | Reached skill level 15 in Axes
  4244 | D        | Found Tooh's Antique Weapon Shoppe.
  4244 | D        | Found Suifeaj's Book Boutique.
  4244 | D        | Found Xufuocuj's Distillery.
  4247 | D        | Noticed the 27-headed Lernaean hydra
  4248 | D        | Killed the 27-headed Lernaean hydra
  4262 | D        | Bought a potion of haste for 120 gold pieces
  4262 | D        | Bought 2 potions of haste for 240 gold pieces
  4262 | D        | Bought a potion of haste for 120 gold pieces
  4275 | D        | Got a decaying rune of Zot
  4477 | D        | Reached skill level 5 in Maces & Flails
  4595 | D        | Killed a deep elf blademaster
  4714 | D        | Noticed Urug
  4719 | D        | Killed Urug
  4807 | D        | Killed Nessos
  4813 | D        | Got a coiled amber ring
  4949 | D        | Identified the cursed ring "Innul" {+Fly rPois MR+ Int+4
                  | Dex-2} (You found it in the Dungeon)
  5014 | D        | Reached skill level 1 in Stealth
  5160 | D        | Paralysed by a floating eye for 4 turns
  5393 | D        | Noticed Azrael
  5396 | D        | Killed Azrael
  5556 | D        | Reached skill level 5 in Evocations
  5842 | D        | Noticed a nagaraja
  5846 | D        | Killed a nagaraja
  5846 | D        | Gained mutation: You are mostly covered in thin metallic
                  | scales. (AC +3) [demonic ancestry]
  5846 | D        | Reached XP level 14. HP: 128/128 MP: 27/27
  5849 | D        | Found Conkog's Book Shop.
  5849 | D        | Found Goasahoq's Food Shoppe.
  5851 | D        | Found Coir's Antique Armour Boutique.
  5870 | D        | Got a serpentine rune of Zot
  5882 | D        | Bought the +2 shield of Resistance {rF+ rC+ MR+} for 945
                  | gold pieces
  5882 | D        | Found the +2 shield of Resistance {rF+ rC+ MR+}
  5938 | D        | Found a blossoming altar of Fedhas.
  6179 | D        | Noticed an Executioner
  6185 | D        | Killed an Executioner
  6197 | D        | Noticed a deep elf blademaster
  6209 | D        | Killed a deep elf blademaster
  6209 | D        | Reached skill level 5 in Stealth
  6216 | D        | Noticed Mennas
  6218 | D        | Killed Mennas
  6218 | D        | Reached skill level 10 in Maces & Flails
  6246 | D        | Found Necsed's Food Emporium.
  6246 | D        | Found Aqiwabup's Gadget Shop.
  6246 | D        | Found Doczump's Food Boutique.
  6246 | D        | Found Tezxacan's Antique Armour Shoppe.
  6246 | D        | Found Tieke's Magic Scroll Boutique.
  6246 | D        | Found Suvoebl Ogea's Book Emporium.
  6246 | D        | Found Qaniri's Weapon Shoppe.
  6246 | D        | Found Ucaud's Antique Weapon Shop.
  6246 | D        | Found Meut's Gadget Shop.
  6246 | D        | Found Dailuk's Armour Emporium.
  6246 | D        | Found Buxkesm's Distillery.
  6246 | D        | Found Qeitij's Jewellery Boutique.
  6480 | D        | Bought a crystal ball of energy for 280 gold pieces
  6480 | D        | Bought a wand of acid (9) for 364 gold pieces
  6480 | D        | Bought a wand of clouds (3) for 294 gold pieces
  6480 | D        | Bought a wand of paralysis (8) for 140 gold pieces
  6521 | D        | Bought a wand of paralysis (5) for 84 gold pieces
  6521 | D        | Bought a lightning rod (4/4) for 480 gold pieces
  6521 | D        | Bought a wand of paralysis (13) for 180 gold pieces
  6618 | D        | Identified the ring "Befun" {+Fly rElec rPois} (You found
                  | it in the Dungeon)
  6838 | D        | Noticed Chuck
  6910 | D        | Killed Chuck
  6965 | D        | Noticed Sojobo
  6981 | D        | Killed Sojobo
  7248 | D        | Noticed a lich
  7255 | D        | Noticed an Executioner
  7257 | D        | Killed a lich
  7257 | D        | Gained mutation: A demonic guardian rushes to your aid.
                  | [demonic ancestry]
  7257 | D        | Reached XP level 15. HP: 137/139 MP: 29/29
  7267 | D        | Noticed a shadow dragon
  7268 | D        | Noticed a shadow dragon
  7272 | D        | Reached skill level 10 in Throwing
  7288 | D        | Killed a shadow dragon
  7293 | D        | Killed a shadow dragon
  7574 | D        | Noticed a titan
  7575 | D        | Killed a titan
  7575 | D        | Reached skill level 10 in Evocations
  7577 | D        | Noticed a titan
  7584 | D        | Killed a titan
  7707 | D        | Noticed a quicksilver dragon
  7707 | D        | Noticed a golden dragon
  7712 | D        | Killed a quicksilver dragon
  7718 | D        | Killed a golden dragon
  7718 | D        | Reached skill level 10 in Stealth
  7853 | D        | Noticed a shadow dragon
  7870 | D        | Killed a shadow dragon
  7964 | D        | Identified the +5 leather armour of the Tuna {rElec MP+9
                  | Str-5}
  7974 | D        | Noticed a titan
  7982 | D        | Killed a titan
  8011 | D        | Noticed a golden dragon
  8026 | D        | Killed a golden dragon
  8053 | D        | Identified the cursed +0 mace of the Many Continents {pain,
                  | rF+}
  8053 | D        | Identified the cursed +1 chain mail of Henotheism {rElec}
  8053 | D        | Identified the +2 leather armour of Uxibb {rPois MP+9
                  | Str-3}
  8054 | D        | Reached skill level 15 in Shields
  8071 | D        | Reached skill level 15 in Armour
  8107 | D        | Reached skill level 15 in Dodging
  8268 | D        | Got a silver rune of Zot
  8406 | D        | Gained mutation: Your flesh is heat resistant. (rF+)
                  | [demonic ancestry]
  8406 | D        | Reached XP level 16. HP: 153/153 MP: 30/30
  8438 | D        | Noticed a lich
  8447 | D        | Killed a lich
  8457 | D        | Noticed a sphinx
  8458 | D        | Killed a sphinx
  8459 | D        | Noticed a sphinx
  8475 | D        | Killed a sphinx
  9200 | D        | Noticed a greater mummy
  9201 | D        | Killed a greater mummy
  9203 | D        | Noticed a greater mummy
  9205 | D        | Killed a greater mummy
  9234 | D        | Got a golden rune of Zot
  9259 | D        | Identified a +0 pair of boots of running (You acquired it
                  | in the Dungeon)
 10186 | D        | Paralysed by a floating eye for 2 turns
 10421 | D        | Found a viscous altar of Jiyva.
 10421 | D        | Noticed the Royal Jelly
 10425 | D        | Killed the Royal Jelly
 10425 | D        | Reached skill level 15 in Throwing
 10425 | D        | Reached XP level 17. HP: 153/167 MP: 31/33
 10425 | D        | Noticed an acid blob
 10425 | D        | Noticed an acid blob
 10425 | D        | Noticed an acid blob
 10425 | D        | Noticed an acid blob
 10425 | D        | Noticed an acid blob
 10425 | D        | Noticed an acid blob
 10425 | D        | Noticed an acid blob
 10427 | D        | Killed an acid blob
 10427 | D        | Killed an acid blob
 10427 | D        | Killed an acid blob
 10427 | D        | Killed an acid blob
 10428 | D        | Killed an acid blob
 10429 | D        | Killed an acid blob
 10429 | D        | Killed an acid blob
 10498 | D        | Got a slimy rune of Zot
 10760 | D        | Noticed Nellie
 10787 | D        | Killed Nellie
 10796 | D        | Got a demonic rune of Zot
 10916 | D        | Noticed Mara
 10922 | D        | Noticed schets's illusion
 10926 | D        | Killed Mara
 10983 | D        | Identified Sif Muna's Reference Book on Creation and
                  | Intoxication
 11040 | D        | Noticed Nikola
 11043 | D        | Killed Nikola
 11130 | D        | Found Ucso's Food Shoppe.
 11130 | D        | Found Calyn's Armour Shop.
 11131 | D        | Found Bidakep's Distillery.
 11131 | D        | Found Moxtur's Gadget Emporium.
 11135 | D        | Noticed Roxanne
 11190 | D        | Noticed Boris
 11206 | D        | Killed Boris
 11209 | D        | Killed Roxanne
 11289 | D        | Bought the +2 cloak of the Thief {+Fog Slay-2 SInv Stlth+}
                  | for 281 gold pieces
 11289 | D        | Found the +2 cloak of the Thief {+Fog Slay-2 SInv Stlth+}
 11301 | D        | Found Vaesk's Armour Boutique.
 11486 | D        | Noticed Geryon
 11493 | D        | Killed Geryon
 11493 | D        | Reached skill level 27 in Fighting
 11629 | D        | Noticed the Serpent of Hell
 11630 | D        | Noticed a Brimstone Fiend
 11631 | D        | Killed a Brimstone Fiend
 11635 | D        | Noticed a quicksilver dragon
 11639 | D        | Noticed a golden dragon
 11647 | D        | Noticed a quicksilver dragon
 11652 | D        | Killed the Serpent of Hell
 11652 | D        | Reached skill level 27 in Invocations
 11873 | D        | Got an obsidian rune of Zot
 11897 | D        | Identified the ring "Civvyc" {+Fly rF+++ rC++ MR- MP-9}
                  | (You found it in the Dungeon)
 12044 | D        | Reached XP level 18. HP: 152/182 MP: 35/35
 12137 | D        | Noticed an iron giant
 12153 | D        | Killed an iron giant
 12250 | D        | Noticed a Hell Sentinel
 12262 | D        | Killed a Hell Sentinel
 12273 | D        | Got a translucent steel ring
 12275 | D        | Identified the ring of the Heavens {MR+ Int+3} (You
                  | acquired it in the Dungeon)
 12320 | D        | Identified the +4 staff of Dispater
 12320 | D        | Noticed Dispater
 12332 | D        | Noticed a Tzitzimitl
 12460 | D        | HP: 5/197 [hell beast[Dispater] (14)]
 12461 | D        | Slain by an Executioner

Levels and vault maps discovered:
D:        dungeon_sprint_mu [sprint_mu_entry_cave, sprint_mu_temple_rooms,
          sprint_mu_d1_horrors, sprint_mu_d2_genie, sprint_mu_d3_branching,
          sprint_mu_orc_legion, sprint_mu_elf_gauntlet, sprint_mu_hive_nellie,
          sprint_mu_lair_fedhas, sprint_mu_vaults_butterflies,
          sprint_mu_slime_circle, sprint_mu_swamp_cave, sprint_mu_snake_twists,
          sprint_mu_blade_basic, sprint_mu_crypt_fortress,
          sprint_mu_tomb_spiral, sprint_mu_vestibule_basic,
          sprint_mu_gehenna_hellfire, sprint_mu_dis_giant,
          sprint_mu_tartarus_statrot, sprint_mu_cocytus_islands, sprint_mu_zot1]

Skill      XL: |  1  2  3  4  5  6  7  8  9 10 11 12 13 14 15 16 17 18 |
---------------+-------------------------------------------------------+-----
Axes           | 3 4 5 6 7 8 9 10 12 13 14 16 17 | 17.1
Fighting       | 4 5 6 7 8 9 10 11 13 15 16 17 19 21 24 27 | 27.0
Armour         | 3 4 5 6 7 8 9 10 11 12 13 15 18 21 | 21.5
Dodging        | 1 2 3 4 5 6 7 8 10 11 12 13 15 17 19 20 | 20.2
Shields        | 3 4 5 6 7 8 9 10 11 12 13 15 17 19 20 | 20.3
Invocations    | 2 6 8 11 13 16 18 19 20 21 24 27 | 27.0
Throwing       | 3 5 7 9 12 15 16 | 16.0
Maces & Flails | 2 8 11 | 11.9
Evocations     | 2 6 9 10 11 12 | 12.9
Stealth        | 4 8 10 11 | 11.6

Action                   |  1- 3 |  4- 6 |  7- 9 | 10-12 | 13-15 | 16-18 || total
-------------------------+-------+-------+-------+-------+-------+-------++-------
Melee: War axe           |    24 |    33 |    56 |   125 |   216 |       ||   454
       Kick              |     2 |     4 |    18 |    50 |   175 |    24 ||   273
       Headbutt          |     1 |     8 |     8 |    35 |    99 |   103 ||   254
       Scimitar          |       |       |       |       |     3 |       ||     3
       Broad axe         |       |       |       |       |   175 |   342 ||   517
Throw: Dart              |       |       |       |       |     5 |       ||     5
Invok: Upheaval          |       |       |     7 |     9 |     7 |     5 ||    28
       Elemental Force   |       |       |     2 |       |     2 |     3 ||     7
       Disaster Area     |       |       |       |    15 |    21 |    24 ||    60
 Abil: Evoke Flight      |       |       |       |       |     4 |     5 ||     9
       Stop Flying       |       |       |       |       |     1 |       ||     1
       Evoke Fog         |       |       |       |       |       |     1 ||     1
Evoke: Lamp of fire      |       |       |       |       |     6 |     2 ||     8
       Lightning rod     |       |       |       |       |     3 |       ||     3
       Wand              |       |       |       |       |       |    10 ||    10
  Use: Potion            |     2 |       |       |     2 |       |     6 ||    10
       Scroll            |       |       |       |     1 |    13 |    17 ||    31
 Stab: Distracted        |       |       |     2 |     3 |     2 |     3 ||    10
  Eat: Chunk             |       |       |     2 |     2 |    17 |     4 ||    25
       Ration            |       |       |       |     2 |     1 |     1 ||     4
Armor: Scale mail        |     3 |     3 |    10 |    14 |       |       ||    30
       Chain mail        |       |       |       |     2 |    65 |    53 ||   120
       Acid dragon scale |       |       |       |       |       |     8 ||     8
Dodge: Dodged            |     6 |     4 |    12 |    26 |   154 |   127 ||   329
       Deflected         |       |       |     1 |     3 |     9 |    14 ||    27
Block: Shield            |    11 |    11 |    28 |    90 |   338 |   287 ||   765
       Rpst.: Scimitar   |       |       |       |       |     1 |       ||     1

Table legend:
 A = Non-vault XP
 B = Vault XP
 C = Vault XP percentage of total XP
 D = Non-vault monster count
 E = Vault monster count
 F = Vault count percentage of total count
                 A         B        C        D         E       F
            +---------+---------+-------+---------+---------+-------
      Total |    1048 |  308024 |  99.7 |       4 |     354 |  98.9
            +---------+---------+-------+---------+---------+-------
          D |    1048 |  308024 |  99.7 |       4 |     354 |  98.9
            +---------+---------+-------+---------+---------+-------
